 Dungeon Crawl Stone Soup version 0.17.2-1-ge4368a0 (webtiles) character file.

17348 hexophile the Grappler (level 12, -4/110 HPs)
             Began as a Hill Orc Monk on May 5, 2017.
             Was a High Priest of Beogh.
             Killed from afar by a frost giant (21 damage)
             ... with a bolt of cold
             ... in an ice cave.
             The game lasted 00:29:46 (9724 turns).

hexophile the Grappler (Hill Orc Monk)              Turns: 9724, Time: 00:29:47

Health: -4/110     AC: 25    Str: 19    XL:     12   Next: 47%
Magic:  16/18      EV: 11    Int: 12    God:    Beogh [*****.]
Gold:   324        SH: 13    Dex: 17    Spells: 1 memorised, 9 levels left

rFire  + + .     SeeInvis .       - Unarmed
rCold  + . .     Clarity  .     B - +5 ring mail of Hisor {+Inv rF+ rC+}
rNeg   . . .     SustAt   .     q - +0 shield
rPois  +         Gourm    .     e - +2 hat
rElec  .         Spirit   .     L - +1 cloak {+Inv}
rCorr  .         Warding  .     m - +5 pair of gloves of the Four Cities {-Cast rPois MR+}
rMut   .         Stasis   .     G - +0 pair of boots
MR     +....     NoCast   +     E - amulet of faith {Faith}
Stlth  +.........               t - +4 ring of dexterity
                                l - +2 ring of intelligence

@: about to teleport, somewhat resistant to hostile enchantments, very
unstealthy
A: walk on water, deterioration 1, fire resistance 1
a: Smiting, Recall Orcish Followers, Give Item to Named Follower, Renounce
Religion, Evoke Invisibility


You were in an ice cave.
You worshipped Beogh.
Beogh was extremely pleased with you.
You were hungry.

You visited 2 branches of the dungeon, and saw 11 of its levels.
You also visited: Ossuary, Ice Cave and Volcano.

You collected 588 gold pieces.
You spent 264 gold pieces at shops.


Innate Abilities, Weirdness & Mutations

You can walk on water.
Your body sometimes deteriorates upon taking damage.
Your flesh is heat resistant.

Inventory:

Hand Weapons
 s - a +0 broad axe
Missiles
 F - 3 throwing nets (quivered) {+f}
 W - 16 poisoned needles
Armour
 e - a +2 hat (worn)
 m - the +5 pair of gloves of the Four Cities (worn) {-Cast rPois MR+}
   (You acquired it in an ice cave)

   It protects you from poison.
   It affects your resistance to hostile enchantments.
   It prevents spellcasting.
 q - a +0 shield (worn)
 B - the +5 ring mail of Hisor (worn) {+Inv rF+ rC+}
   (You found it on level 5 of the Dungeon)

   It protects you from fire.
   It protects you from cold.
   It lets you turn invisible.
 G - a +0 pair of boots (worn)
 L - a +1 cloak of invisibility (worn)
Jewellery
 l - a +2 ring of intelligence (left hand)
 n - an uncursed amulet of regeneration {unknown}
 t - a +4 ring of dexterity (right hand)
 E - an amulet of faith (around neck) {Faith}
Wands
 b - a wand of digging (11)
 c - a wand of disintegration (9)
 g - a wand of fire (6)
 C - a wand of draining (6)
 I - a wand of enslavement (0)
 K - a wand of paralysis (14)
 R - a wand of draining (9)
 U - a wand of fire (6)
Scrolls
 a - 4 scrolls of noise
 d - a scroll of teleportation
 f - 3 scrolls of immolation
 h - a scroll of amnesia {unknown}
 i - a scroll of blinking {unknown}
 o - a scroll of remove curse
 x - 2 scrolls of enchant armour
 D - 3 scrolls of magic mapping {unknown}
 M - 2 scrolls of holy word {unknown}
 O - a scroll of fog
 Y - 2 scrolls of enchant weapon
Potions
 j - 8 potions of poison {unknown}
 k - a potion of heal wounds
 u - a potion of mutation {unknown}
 v - 2 potions of ambrosia {unknown}
 z - a potion of flight {unknown}
 J - 2 potions of agility {unknown}
 N - a potion of might {Str+5 DMG+1d10}
 P - 8 potions of curing
 S - 3 potions of resistance {unknown}
 T - 2 potions of brilliance {unknown}
 V - a potion of berserk rage {unknown}
 Z - a potion of haste {unknown}
Books
 w - a book of Air

   Spells                             Type                      Level
   a - Shock                          Conjuration/Air              1
   b - Swiftness                      Charms/Air                   2
   c - Repel Missiles                 Charms/Air                   2
   d - Static Discharge               Conjuration/Air              3
   e - Lightning Bolt                 Conjuration/Air              5
 y - a Grand Grimoire

   Spells                             Type                      Level
   a - Monstrous Menagerie            Summoning                    6
   b - Summon Greater Demon           Summoning                    7
   c - Malign Gateway                 Summoning/Translocation      7
   d - Summon Horrible Things         Summoning                    8
 X - a book of Ice

   Spells                             Type                      Level
   a - Ice Form                       Ice/Transmutation            4
   b - Metabolic Englaciation         Hexes/Ice                    5
   c - Ozocubu's Refrigeration        Ice                          6
   d - Bolt of Cold                   Conjuration/Ice              6
   e - Freezing Cloud                 Conjuration/Ice/Air          6
   f - Simulacrum                     Ice/Necromancy               6
Comestibles
 p - 7 meat rations
 r - 5 bread rations
 A - 2 beef jerkies
 H - 15 fruits


You had 9 spell levels left.
You knew the following spells:

 Your Spells              Type           Power        Failure   Level  Hunger
a - Repel Missiles        Chrm/Air       #.....       98%         2    ###....


   Skills:
 * Level 11.4 Fighting
 * Level 9.5 Armour
 - Level 2.4 Dodging
 - Level 1.5 Stealth
 * Level 9.5 Shields
 * Level 12.7 Unarmed Combat
 - Level 8.0 Invocations
 - Level 3.0 Evocations

Dungeon Overview and Level Annotations

Branches:
Dungeon (8/15)             Temple (0/1) D:4            Lair (3/8) D:8
  Swamp: Lair:3-6    Shoals: Lair:3-6     Snake: Lair:3-6    Spider: Lair:3-6

Altars:
Gozag
Trog
Xom
Zin
The Shining One

Shops:
D:6 [   D:7 ?

Annotations:
D:3 Goblin1989's ghost, amateur DsMo
Lair:1 exclusions: ice statue and oklob plant

Vault maps used:
D:1:      tarquinn_simple_flora_water_a, st_stairs_14
D:2:      first_bread
D:3:      nicolae_overflow_hidden_temple, old_standard_altar
D:4:      lemuel_round_altar, grunt_temple_overflow_open,
          minmay_temple_entry_glass, gup_ossuary_entry_pyramid, uniq_pikel
D:6:      serial_shops, shop, nicolae_gozag_seed_capital
D:7:      serial_shops, kennysheep_mini
D:8:      dpeg_lair_monsters, uniq_grum, uniq_erica
Lair:1:   minmay_lair_oklob_tunnel, nicolae_volcano_entry_two_sided,
          ice2_lemuel, lemuel_fruit_tree, uniq_sonja, uniq_nergalle
Lair:2:   minmay_hedge_maze, infiniplex_staircase_pool_2, uniq_harold
Lair:3:   minmay_shoals_entry_hut, portal_ice_cave_entry_ice_beasts,
          forest_entry_grove
Ossuary:  ossuary_crypta
IceCv:    ice_cave_caverns_03
Volcano:  volcano_overflow
You       could see a frost giant.


Message History

Smite: a frost giant, wielding a battleaxe of freezing You smite the frost giant!
The frost giant is lightly wounded.
You feel somewhat more hungry.
You hit the frost giant but do no damage.
The frost giant is lightly wounded.
The frost giant hits you with a battleaxe of freezing!!
* * * LOW HITPOINT WARNING * * *
The frost giant freezes you.
* * * LOW HITPOINT WARNING * * *
You lost 27 HP.
You have now: 10/110 HP.
Unknown command.
Read which item? (? for menu, Esc to quit)
Okay, then.
Drink which item? (? for menu, Esc to quit)
You feel much better.
Restored 24 HP.
You have now: 34/110 HP.
Throwing (i - inventory):
F - 5 throwing nets (quivered)
{+f}
Press: ? - help, Shift-Dir - straight line, f/p - frost giant
Aim: a frost giant, wielding a battleaxe of freezing (lightly wounded)
You throw a throwing net {+f}.
The throwing net {+f} hits the frost giant.
The frost giant is too large for the net to hold!
The frost giant is lightly wounded.
The frost giant hits you with a battleaxe of freezing!
* * * LOW HITPOINT WARNING * * *
The frost giant freezes you.
* * * LOW HITPOINT WARNING * * *
You lost 13 HP.
You have now: 21/110 HP.
Unknown command.
Throwing (i - inventory):
F - 4 throwing nets (quivered)
{+f}
Press: ? - help, Shift-Dir - straight line, f/p - frost giant
Aim: a frost giant, wielding a battleaxe of freezing (lightly wounded)
You throw a throwing net {+f}.
The throwing net {+f} hits the frost giant.
The frost giant is too large for the net to hold!
The frost giant is lightly wounded.
The frost giant completely misses you.
Unknown command.
Read which item? (? for menu, Esc to quit)
As you read the scroll of teleportation, it crumbles to dust.
You feel strangely unstable.
The frost giant points at you and mumbles some strange words.
The bolt of cold hits you! You resist.
* * * LOW HITPOINT WARNING * * *
You lost 4 HP.
You have now: 17/110 HP.
Unknown command.
The frost giant casts a spell at you. The bolt of cold hits you! You resist.
You die...

Action                   |  1- 3 |  4- 6 |  7- 9 | 10-12 || total
-------------------------+-------+-------+-------+-------++-------
Melee: Unarmed           |   169 |   290 |   379 |   590 ||  1428
Throw: Throwing net      |       |       |       |     3 ||     3
Invok: Smiting           |       |       |     2 |     9 ||    11
Evoke: Wand              |       |       |       |    16 ||    16
  Use: Scroll            |       |     7 |     3 |     9 ||    19
       Potion            |       |     3 |     2 |     1 ||     6
 Stab: Sleeping          |     2 |       |       |       ||     2
       Distracted        |       |       |     5 |     2 ||     7
  Eat: Chunk             |     2 |     4 |    12 |    12 ||    30
       Bread ration      |       |       |     1 |       ||     1
       Pizza             |       |       |       |     1 ||     1

Notes
Turn   | Place    | Note
--------------------------------------------------------------
     0 | D:1      | hexophile the Hill Orc Monk began the quest for the Orb.
     0 | D:1      | Reached XP level 1. HP: 19/19 MP: 1/1
   133 | D:1      | Reached XP level 2. HP: 6/26 MP: 2/2
   451 | D:1      | Reached skill level 5 in Unarmed Combat
   924 | D:2      | Reached XP level 3. HP: 31/31 MP: 3/3
  1561 | D:2      | Reached XP level 4. HP: 40/40 MP: 4/4
  1660 | D:3      | Reached skill level 1 in Shields
  1675 | D:3      | Noticed Goblin1989's ghost (amateur DsMo)
  1692 | D:3      | Reached skill level 4 in Fighting
  1978 | D:3      | Found a glowing golden altar of the Shining One.
  2025 | D:4      | Reached skill level 6 in Unarmed Combat
  2031 | D:4      | Reached XP level 5. HP: 37/46 MP: 5/5
  2073 | D:4      | Reached skill level 1 in Armour
  2096 | D:4      | Found a glowing silver altar of Zin.
  2099 | D:4      | Found a bloodstained altar of Trog.
  2099 | D:4      | Found an opulent altar of Gozag.
  2110 | D:4      | Reached skill level 2 in Shields
  2185 | D:4      | Found a staircase to the Ecumenical Temple.
  2188 | D:4      | Found a sand-covered staircase.
  2202 | Ossuary  | Entered an ossuary
  2261 | Ossuary  | Reached XP level 6. HP: 27/53 MP: 6/6
  2274 | Ossuary  | Reached skill level 2 in Armour
  2876 | D:4      | Became a worshipper of Beogh the Brigand
  2876 | D:4      | Reached * piety under Beogh
  2876 | D:4      | Reached ** piety under Beogh
  2892 | D:4      | Noticed a slave
  2893 | D:4      | Noticed a slave
  2894 | D:4      | Noticed a slave
  2895 | D:4      | Noticed Pikel
  2916 | D:4      | Killed a slave
  2917 | D:4      | Noticed a slave
  2973 | D:4      | Killed Pikel
  2973 | D:4      | Reached skill level 5 in Fighting
  2973 | D:4      | Reached skill level 3 in Armour
  2973 | D:4      | Reached skill level 3 in Shields
  2973 | D:4      | Reached skill level 7 in Unarmed Combat
  2973 | D:4      | Reached XP level 7. HP: 11/62 MP: 7/7
  2973 | D:4      | Reached XP level 8. HP: 12/70 MP: 8/8
  3356 | D:4      | Found a shimmering altar of Xom.
  3411 | D:5      | Entered Level 5 of the Dungeon
  3488 | D:5      | Reached skill level 4 in Armour
  3488 | D:5      | Reached skill level 8 in Unarmed Combat
  3488 | D:5      | Reached skill level 1 in Invocations
  3679 | D:5      | Reached skill level 2 in Invocations
  3807 | D:5      | Reached skill level 6 in Fighting
  3826 | D:5      | Got an encrusted ring mail
  4081 | D:5      | Reached skill level 4 in Shields
  4298 | D:6      | Noticed daftwullie's ghost (amateur OgWr)
  4333 | D:6      | Killed daftwullie's ghost
  4333 | D:6      | Reached skill level 3 in Invocations
  4378 | D:6      | Found an opulent altar of Gozag.
  4503 | D:6      | Reached skill level 4 in Invocations
  4663 | D:6      | Found Igguewki's Antique Armour Shop.
  4694 | D:6      | Bought an embroidered cloak for 117 gold pieces
  4694 | D:6      | Bought a pair of boots for 117 gold pieces
  4714 | D:6      | Identified the +5 ring mail of Hisor {+Inv rF+ rC+} (You found it on level 5 of the Dungeon)
  5003 | D:7      | Reached XP level 9. HP: 65/78 MP: 12/12
  5031 | D:7      | Reached skill level 9 in Unarmed Combat
  5035 | D:7      | Gained mutation: You are clumsy. (Dex -2) [mutagenic meat]
  5040 | D:7      | Lost mutation: You are clumsy. (Dex -2) [mutagenic meat]
  5041 | D:7      | Gained mutation: Your flesh is heat resistant. [mutagenic meat]
  5042 | D:7      | Gained mutation: Your body sometimes deteriorates upon taking damage. [mutagenic meat]
  5143 | D:7      | Reached skill level 5 in Armour
  5148 | D:7      | Reached *** piety under Beogh
  5186 | D:7      | Reached skill level 5 in Invocations
  5189 | D:7      | Reached skill level 5 in Shields
  5561 | D:7      | Found Fuqirphu's Magic Scroll Emporium.
  5564 | D:7      | Bought a scroll of fog for 30 gold pieces
  5764 | D:7      | Reached skill level 7 in Fighting
  6197 | D:8      | Reached skill level 6 in Invocations
  6200 | D:8      | Noticed Erica
  6204 | D:8      | Gained Ugrim as an ally
  6214 | D:8      | Killed Erica
  6214 | D:8      | Reached skill level 10 in Unarmed Combat
  6214 | D:8      | Reached XP level 10. HP: 62/86 MP: 7/15
  6216 | D:8      | Reached skill level 7 in Invocations
  6288 | D:8      | Found a staircase to the Lair.
  6291 | D:8      | Noticed a komodo dragon
  6307 | D:8      | Reached skill level 6 in Armour
  6307 | D:8      | Reached skill level 6 in Shields
  6337 | D:8      | Killed a komodo dragon
  6360 | D:8      | Reached **** piety under Beogh
  6423 | D:8      | Learned a level 2 spell: Repel Missiles
  6667 | D:8      | Noticed Grum
  6679 | D:8      | Killed Grum
  6769 | D:8      | Reached skill level 8 in Fighting
  6769 | D:8      | Reached skill level 8 in Invocations
  7018 | Lair:1   | Entered Level 1 of the Lair of Beasts
  7057 | Lair:1   | Noticed a salamander
  7069 | Lair:1   | Killed a salamander
  7131 | Lair:1   | Reached skill level 11 in Unarmed Combat
  7177 | Lair:1   | Noticed an ice statue
  7198 | Lair:1   | Noticed Nergalle
  7270 | Lair:1   | Noticed Sonja
  7280 | Lair:1   | Killed Sonja
  7280 | Lair:1   | Reached skill level 9 in Fighting
  7280 | Lair:1   | Reached skill level 7 in Armour
  7280 | Lair:1   | Reached skill level 7 in Shields
  7336 | Lair:1   | Reached XP level 11. HP: 60/97 MP: 17/17
  7506 | Lair:1   | Found a dark tunnel.
  7513 | Volcano  | Entered a volcano
  7685 | Lair:1   | Noticed an oklob plant
  7849 | Lair:2   | Reached skill level 1 in Evocations
  7919 | Lair:2   | Reached ***** piety under Beogh
  8064 | Lair:2   | Noticed Harold
  8078 | Lair:2   | Killed Harold
  8138 | Lair:2   | Reached skill level 2 in Evocations
  8434 | Lair:3   | Reached skill level 10 in Fighting
  8529 | Lair:3   | Found a frozen archway.
  8543 | Lair:3   | Reached skill level 8 in Armour
  8594 | IceCv    | Entered an ice cave
  8631 | IceCv    | Reached skill level 8 in Shields
  8842 | IceCv    | Reached skill level 12 in Unarmed Combat
  8855 | IceCv    | Reached skill level 3 in Evocations
  9134 | IceCv    | Noticed a death yak
  9234 | IceCv    | Killed a death yak
  9234 | IceCv    | Reached XP level 12. HP: 88/108 MP: 14/18
  9313 | IceCv    | Reached skill level 11 in Fighting
  9313 | IceCv    | Reached skill level 9 in Armour
  9313 | IceCv    | Reached skill level 9 in Shields
  9562 | IceCv    | Identified a scroll of acquirement
  9565 | IceCv    | Got a pair of bloodstained gloves
  9576 | IceCv    | Identified the +5 pair of gloves of the Four Cities {-Cast rPois MR+} (You acquired it in an ice cave)
  9676 | IceCv    | Noticed a frost giant
  9724 | IceCv    | Killed from afar by a frost giant

Table legend:
 A = Turns spent in this place as a percentage of turns spent in the entire game.
 B = Non-inter-level travel turns spent in this place as a percentage of non-inter-level travel turns spent in the entire game.
 C = Inter-level travel turns spent in this place as a percentage of turns spent in this place.
 D = Turns resting spent in this place as a percentage of non-inter-level travel turns spent in this place.
 E = Turns spent auto-exploring this place as a percentage of non-inter-level travel turns spent in this place.
 F = Non-inter-level travel turns spent in this place divided by the number of levels of this place that you've seen.
                   A       B       C       D       E      F
               +-------+-------+-------+-------+-------+----------------------
         Total | 100.0 | 100.0 |   0.2 |   0.8 |   3.3 | 369.8
       Dungeon |  54.1 |  54.0 |   0.3 |   0.8 |   5.9 | 349.5
          Lair |  25.8 |  25.8 |   0.1 |   0.0 |   0.1 | 446.0
       Ossuary |   7.2 |   7.2 |   0.0 |   1.1 |   0.0 | 374.0
      Ice Cave |  10.7 |  10.7 |   0.0 |   2.5 |   1.1 | 554.0
       Volcano |   2.2 |   2.2 |   0.0 |   0.0 |   0.0 | 115.0
               +-------+-------+-------+-------+-------+----------------------

Table legend:
 A = Kills in this place as a percentage of kills in entire the game.
 B = Kills by you in this place as a percentage of kills by you in the entire game.
 C = Kills by friends in this place as a percentage of kills by friends in the entire game.
 D = Other kills in this place as a percentage of other kills in the entire game.
 E = Experience gained in this place as a percentage of experience gained in the entire game.
 F = Experience gained in this place divided by the number of levels of this place that you have seen.
                   A       B       C       D       E      F
               +-------+-------+-------+-------+-------+----------------------
         Total | 100.0 | 100.0 | 100.0 | 100.0 | 100.0 | 1770.3
       Dungeon |  50.5 |  65.4 |  20.4 |   0.0 |  26.1 | 808.6
          Lair |  31.6 |  10.1 |  77.7 |   0.0 |  30.8 | 2547.7
       Ossuary |   4.0 |   6.0 |   0.0 |   0.0 |   0.9 | 229.0
      Ice Cave |  13.6 |  18.0 |   1.9 | 100.0 |  41.3 | 10236.0
       Volcano |   0.3 |   0.5 |   0.0 |   0.0 |   0.8 | 207.0
               +-------+-------+-------+-------+-------+----------------------

Vanquished Creatures
  A death yak (IceCv)
  Sonja (Lair:1)
  Pikel (D:4)
  A komodo dragon (D:8)
  11 polar bears (IceCv)
  The ghost of daftwullie the Cudgeler, an amateur OgWr (D:6)
  3 hippogriffs
  Grum (D:8)
  2 fire elementals
  13 yaks
  17 wolves
  An orc warrior (D:8)
  2 ice beasts
  A sky beast (D:7)
  A slave (D:4)
  A phantom (D:7)
  4 ogres
  3 big kobolds
  A crocodile (Lair:1)
  4 giant frogs
  A wyvern zombie (D:8)
  2 scorpions
  3 wights (D:7)
  3 centaur zombies
  A crimson imp (D:6)
  2 human zombies (Ossuary)
  A giant frog skeleton (D:8)
  3 hounds
  4 iguanas
  2 centaur skeletons
  4 worker ants
  4 sheep (Lair:2)
  2 big kobold zombies (Ossuary)
  A hound zombie (D:5)
  6 mummies
  10 gnolls
  12 river rats
  10 adders
  An adder skeleton (D:8)
  3 worms (D:2)
  7 giant geckos
  An orc (D:8)
  9 giant cockroaches
  6 hobgoblins
  A jackal (D:2)
  2 ball pythons
  8 bats
  7 giant newts
  6 goblins
  2 goblin zombies (Ossuary)
  12 kobolds
  2 orc zombies (Ossuary)
  3 quokkas
  2 quokka skeletons
  5 rats (D:2)
218 creatures vanquished.

Vanquished Creatures (collateral kills)
  Harold (Lair:2)
  Erica (D:8)
  A salamander (Lair:1)
  3 black mambas
  A spiny frog (Lair:1)
  2 polar bears (IceCv)
  7 yaks (Lair:2)
  2 fire elementals (Lair:1)
  3 hippogriffs
  A porcupine (Lair:1)
  4 water moccasins
  A phantom (D:7)
  13 ice beasts
  5 crocodiles
  A big kobold (D:8)
  3 killer bees (D:8)
  A lava snake (Lair:1)
  A wight (D:7)
  A crimson imp (D:7)
  An orc wizard (D:8)
  4 iguanas
  A worker ant (D:8)
  A killer bee zombie (D:7)
  9 sheep (Lair:2)
  A gnoll (D:8)
  27 river rats
  7 kobolds
  2 fungi
  A plant (Lair:1)
106 creatures vanquished.

Vanquished Creatures (others)
  An orc warrior (Lair:1)
  4 polar bears (IceCv)
  2 yaks (IceCv)
  A crimson imp (D:6)
  5 orcs
  2 fire vortices (Lair:1)
  A plant (Lair:1)
16 creatures vanquished.

Grand Total: 340 creatures vanquished
